 Dungeon Sprint DCSS version 0.23.2-1-ga50397a6bc (webtiles) character file.

Game seed: 16788687300163094440

1484 Kobolds4U the Fencer (level 8, 0/124 HPs)
             Began as a Minotaur Berserker on May 10, 2019.
             Was an Elder of Trog.
             Slain by a demonic crawler (4 damage)
             ... in the Dungeon (Sprint I: "Red Sonja").
             The game lasted 00:02:47 (686 turns).

Kobolds4U the Fencer (Minotaur Berserker)            Turns: 686, Time: 00:02:47

Health: 0/124      AC:  3    Str: 26    XL:     8   Next: 50%
Magic:  7/7        EV: 18    Int:  4    God:    Trog [****..]
Gold:   334        SH:  0    Dex: 13    Spells: 7/7 levels left

rFire    . . .     SeeInvis .   a - +0 falchion
rCold    . . .     Gourm    .   (no shield)
rNeg     . . .     Faith    .   b - +0 animal skin
rPois    .         Spirit   .   (helmet restricted)
rElec    .         Reflect  .   (no cloak)
rCorr    .         Harm     .   l - +0 pair of gloves
MR       ++...     NoTele   +   (no boots)
Stlth    ..........             (no amulet)
HPRegen  1.30/turn              (no ring)
MPRegen  0.10/turn              (no ring)

@: berserking, regenerating, very quick
A: retaliatory headbutt, horns 2
a: Berserk, Trog's Hand, Brothers in Arms, Renounce Religion


You were in the Dungeon.
You worshipped Trog.
Trog was greatly pleased with you.
You were near starving.

You visited 1 branch You collected 425 gold pieces.
You spent 91 gold pieces at shops.

Inventory:

Hand Weapons
 a - a +0 falchion (weapon)
 k - a +2 scythe of flaming
Armour
 b - a +0 animal skin (worn)
 l - a +0 pair of gloves (worn)
Scrolls
 m - a scroll of identify
Potions
 d - a potion of curing
 e - a potion of heal wounds
 f - a potion of haste
 g - 2 potions of magic
 h - a potion of berserk rage
Comestibles
 c - 2 rations


   Skills:
 + Level 11.8 Fighting
 * Level 15.5 Long Blades
 - Level 2.4 Armour
 + Level 10.6 Dodging


You had 7 spell levels left.
You didn't know any spells.
Your spell library was empty.

Dungeon Overview and Level Annotations

Branches:
Dungeon (1/1)

Altars:
Cheibriados
Dithmenos
Elyvilon
Fedhas
Gozag
Hepliaklqana
Kikubaaqudgha
Makhleb
Nemelex Xobeh
Okawaru
Qazlal
Ru
Sif Muna
Trog
Uskayaw
Vehumet
Wu Jian
Xom
Yredelemnul
Zin
The Shining One
Jiyva
Lugonu

Shops:
D *


Innate Abilities, Weirdness & Mutations

You reflexively headbutt those who attack you in melee.
You have a pair of horns on your head.


Message History

You hit the demonic crawler but do no damage.
The demonic crawler is heavily wounded.
The demonic crawler misses you.
You riposte.
You slash the demonic crawler!
The demonic crawler is moderately wounded.
The demonic crawler hits you!
* * * LOW HITPOINT WARNING * * *
The demonic crawler misses you. The demonic crawler hits you!
* * * LOW HITPOINT WARNING * * *
The demonic crawler hits you!
* * * LOW HITPOINT WARNING * * *
The demonic crawler hits you.
* * * LOW HITPOINT WARNING * * *
You slash the demonic crawler!
The demonic crawler is heavily wounded.
You hit the demonic crawler. You headbutt the demonic crawler!!
The demonic crawler is almost dead.
The demonic crawler hits you!
* * * LOW HITPOINT WARNING * * *
The demonic crawler hits you.
You die...

#######################
#..').#.['..#__#†s')..#
').#..'..#..'..'@s#)..##+#
#####'#####'#__####...'..#
####..#...#.#### #####..+
#__####..##.# ##
#_____##'#_.+
#_.∩...'..._#
#_..__##_.#'#
#_____###+#)# ####### ###


You could see 2 demonic crawlers.

Vanquished Creatures
  2 kobold demonologists (D)
  A demonic crawler (D)
  A slime creature (D)
  Sigmund (D)
  A yak (D)
  A floating eye (D)
  An ogre (D)
  A jelly (D)
  Ijyb (D)
10 creatures vanquished.

Vanquished Creatures (others)
  A gargoyle (D)
1 creature vanquished.

Grand Total: 11 creatures vanquished

Notes
Turn   | Place    | Note
-------+----------+-------------------------------------------
     0 | D        | Kobolds4U the Minotaur Berserker began the quest for the
                  | Orb.
     0 | D        | Reached XP level 1. HP: 19/19 MP: 0/0
     1 | D        | Noticed Ijyb
     9 | D        | Killed Ijyb
     9 | D        | Reached skill level 5 in Fighting
     9 | D        | Reached skill level 6 in Long Blades
     9 | D        | Reached XP level 2. HP: 23/29 MP: 1/1
    67 | D        | Noticed an ogre
    70 | D        | Killed an ogre
    70 | D        | Reached skill level 8 in Long Blades
    70 | D        | Reached skill level 5 in Dodging
    70 | D        | Reached XP level 3. HP: 38/38 MP: 2/2
    70 | D        | Reached XP level 4. HP: 45/45 MP: 3/3
    82 | D        | Noticed Sigmund
    88 | D        | Killed Sigmund
    88 | D        | Reached ** piety under Trog
    88 | D        | Reached skill level 10 in Long Blades
    88 | D        | Reached XP level 5. HP: 53/53 MP: 4/4
   101 | D        | Found an ornate altar of the Wu Jian Council.
   101 | D        | Found a deep blue altar of Sif Muna.
   103 | D        | Found a radiant altar of Vehumet.
   105 | D        | Reached skill level 11 in Long Blades
   105 | D        | Reached XP level 6. HP: 57/62 MP: 5/5
   133 | D        | Found Homunueg's General Store.
   133 | D        | Found an ancient bone altar of Kikubaaqudgha.
   133 | D        | Found a hazy altar of Hepliaklqana.
   133 | D        | Found a stormy altar of Qazlal.
   133 | D        | Found a hide-covered altar of Uskayaw.
   133 | D        | Found a blossoming altar of Fedhas.
   133 | D        | Found a bloodstained altar of Trog.
   133 | D        | Found an iron altar of Okawaru.
   133 | D        | Found a basalt altar of Yredelemnul.
   133 | D        | Found a glowing golden altar of the Shining One.
   133 | D        | Found a snail-covered altar of Cheibriados.
   133 | D        | Found a sacrificial altar of Ru.
   133 | D        | Found a glowing silver altar of Zin.
   133 | D        | Found a shadowy altar of Dithmenos.
   133 | D        | Found a white marble altar of Elyvilon.
   133 | D        | Noticed a yak
   134 | D        | Found an opulent altar of Gozag.
   141 | D        | Killed a yak
   141 | D        | Reached skill level 12 in Long Blades
   142 | D        | Found a sparkling altar of Nemelex Xobeh.
   146 | D        | Bought a scroll of identify for 26 gold pieces
   146 | D        | Bought a ration for 65 gold pieces
   202 | D        | Found a viscous altar of Jiyva.
   202 | D        | Found a corrupted altar of Lugonu.
   202 | D        | Noticed a slime creature
   203 | D        | Found a burning altar of Makhleb.
   203 | D        | Found a shimmering altar of Xom.
   213 | D        | Killed a slime creature
   213 | D        | Reached *** piety under Trog
   213 | D        | Reached skill level 10 in Fighting
   213 | D        | Reached skill level 13 in Long Blades
   213 | D        | Reached XP level 7. HP: 52/72 MP: 6/6
   314 | D        | Noticed a kobold demonologist
   314 | D        | Noticed a kobold demonologist
   318 | D        | Noticed a sixfirhy
   322 | D        | Paralysed by a floating eye for 2 turns
   325 | D        | Killed a kobold demonologist
   325 | D        | Reached skill level 14 in Long Blades
   330 | D        | Killed a kobold demonologist
   330 | D        | Reached **** piety under Trog
   330 | D        | Reached skill level 15 in Long Blades
   330 | D        | Reached skill level 10 in Dodging
   330 | D        | Reached XP level 8. HP: 82/82 MP: 7/7
   338 | D        | Noticed a demonic crawler
   338 | D        | Noticed a demonic crawler
   338 | D        | Noticed a demonic crawler
   338 | D        | Noticed a demonic crawler
   443 | D        | Killed a gargoyle
   676 | D        | Killed a demonic crawler
   686 | D        | HP: 4/124 [demonic crawler (8)]
   686 | D        | Slain by a demonic crawler

Skill      XL: |  1  2  3  4  5  6  7 |
---------------+----------------------+-----
Fighting       | 5 6 8 10 11 | 11.8
Long Blades    | 6 8 10 11 13 15 | 15.5
Dodging        | 3 5 7 8 10 | 10.6
Armour         | |  2.4

Action                   |  1- 3 |  4- 6 |  7- 9 || total
-------------------------+-------+-------+-------++-------
Melee: Falchion          |     9 |    22 |    25 ||    56
       Headbutt          |     4 |     8 |    10 ||    22
Invok: Berserk           |       |       |     2 ||     2
       Trog's Hand       |       |       |     2 ||     2
  Use: Scroll            |       |       |     1 ||     1
 Stab: Sleeping          |       |     1 |       ||     1
Armor: Animal skin       |     1 |     1 |     7 ||     9
Dodge: Dodged            |     5 |    11 |    45 ||    61
       Rpst.: Falchion   |     1 |     4 |     7 ||    12
